 Dungeon Crawl Stone Soup version 0.27.1-33-g824d729ab1 (webtiles) character file.

Game seed: 11813268323124007043

381 pkoi the Ruffian (level 6, -2/48 HPs)
             Began as a Draconian Gladiator on Dec 7, 2021.
             Succumbed to a scorpion's poison
             ... on level 5 of the Dungeon.
             The game lasted 00:04:35 (5698 turns).

pkoi the Ruffian (Draconian Gladiator)              Turns: 5698, Time: 00:04:35

Health: -2/48      AC:  6    Str: 16    XL:     6   Next: 46%
Magic:  6/6        EV: 14    Int: 11    God:
Gold:   135        SH:  0    Dex: 18    Spells: 3/5 levels left

rFire    . . .     SeeInvis .     - Unarmed
rCold    . . .     Faith    .   (no shield)
rNeg     . . .     Spirit   .   (armour unavailable)
rPois    .         Reflect  .   a - +0 hat
rElec    .         Harm     .   (no cloak)
rCorr    .         Rampage  .   (no gloves)
Will     +....                  (no boots)
Stlth    ++........             (no amulet)
HPRegen  0.16/turn              h - ring of willpower
MPRegen  0.10/turn              c - +6 ring of dexterity

@: lethally poisoned (-2 -> -21)
A: AC +6, unfitting armour, cold-blooded
a: no special abilities


You were on level 5 of the Dungeon.
You visited 1 branch of the dungeon, and saw 5 of its levels.

You collected 135 gold pieces.

Inventory:

Hand Weapons
 d - a +1 hand axe of venom
Missiles
 b - 3 throwing nets (quivered)
Armour
 a - a +0 hat (worn)
Jewellery
 c - a +6 ring of dexterity (right hand)
 h - a ring of willpower (left hand)


   Skills:
 - Level 2.1 Fighting
 - Level 1.7 Throwing
 + Level 3.9 Dodging
 * Level 6.6 Unarmed Combat


You had 3 spell levels left.
You knew the following spells:

 Your Spells              Type           Power      Damage    Failure   Level
a - Blink                 Tloc           N/A        N/A       47%         2

Your spell library contained the following spells:

 Spells                   Type           Power      Damage    Failure   Level
 Lesser Beckoning         Tloc           0%         N/A       71%         3
 Summon Guardian Golem    Hex/Summ       0%         N/A       71%         3
 Manifold Assault         Tloc           0%         N/A       100%        5
 Orb of Destruction       Conj           0%         N/A       100%        7
 Spellforged Servitor     Conj/Summ      0%         N/A       100%        7


Dungeon Overview and Level Annotations

Branches:
Dungeon (5/15)
 Temple: D:4-7

Altars:
Cheibriados
Uskayaw

Shops:
D:4 *

Annotations:
D:2 1 runed translucent door, Crazy Yiuf


Innate Abilities, Weirdness & Mutations

Your plain brown scales are hard. (AC +6)
You cannot fit into any form of body armour.
You are cold-blooded and may be slowed by cold attacks.


Message History

You hit the white imp but do no damage.
Your tail-slap misses the white imp.
The white imp is severely wounded.
The white imp barely misses you.
You closely miss the white imp.
The white imp is severely wounded.
You feel yourself speed up. The white imp barely misses you.
The white imp hits you but does no damage.
You closely miss the white imp.
The white imp is severely wounded.
The white imp closely misses you.
Unknown command.
You barely miss the white imp.
Your tail-slap misses the white imp.
The white imp is severely wounded.
You hit the white imp but do no damage.
The white imp is severely wounded.
The white imp hits you but does no damage.
You punch the white imp!
You kill the white imp!
You hit the scorpion but do no damage. The scorpion stings you.
* * * LOW HITPOINT WARNING * * *
You are lethally poisoned!
The scorpion poisons you!
You hit the scorpion.
The scorpion is moderately wounded.
* * * LOW HITPOINT WARNING * * *
You feel very sick. The scorpion stings you.
* * * LOW HITPOINT WARNING * * *
You are more poisoned.
The scorpion poisons you!
You aren't carrying any potions.
You hit the scorpion.
The scorpion is moderately wounded.
* * * LOW HITPOINT WARNING * * *
You feel very sick.
The scorpion stings you but does no damage.
You closely miss the scorpion.
The scorpion is moderately wounded.
You die...

. #.!. .# ..# # ..
..##### #. #. #.##..
. #.. #. #.##.# #.#
.#...#. #.##.##.#.#
.......###..........
.......s@.....##.#
###.#.#####.#.#.#
#.......#...#
#.#...#.#.#.## ..
#.#._.#.#....#
..#.#...#.#.##....#
.##
#.#.......#.##.####
....#.#.#####.#..# #
...#.#............#


You could see a scorpion.

Vanquished Creatures
  A water moccasin (D:5)
  A jelly (D:4)
  2 iguanas (D:4)
  An orc wizard (D:4)
  5 adders
  A white imp (D:5)
  An ufetubus (D:4)
  An adder skeleton (D:4)
  A worm (D:2)
  4 dart slugs
  7 orcs
  6 endoplasms
  2 giant cockroaches
  10 goblins
  6 hobgoblins
  7 jackals
  6 quokkas (D:2)
  4 ball pythons
  6 bats
  2 frilled lizards
  9 kobolds
  5 rats
88 creatures vanquished.

Vanquished Creatures (others)
  4 fungi (D:2)
4 creatures vanquished.

Grand Total: 92 creatures vanquished

Notes
Turn   | Place    | Note
-------+----------+-------------------------------------------
     0 | D:1      | pkoi the Draconian Gladiator began the quest for the Orb.
     0 | D:1      | Reached XP level 1. HP: 17/17 MP: 1/1
   267 | D:1      | Reached XP level 2. HP: 20/24 MP: 2/2
   645 | D:1      | Reached skill level 4 in Unarmed Combat
   757 | D:1      | Found a faded altar of an unknown god.
   821 | D:1      | Reached XP level 3. HP: 25/29 MP: 3/3
  1875 | D:2      | Found a runed translucent door.
  1876 | D:2      | Noticed Crazy Yiuf
  2759 | D:2      | Reached XP level 4. HP: 29/36 MP: 4/4
  2945 | D:2      | Reached skill level 5 in Unarmed Combat
  4015 | D:4      | Reached XP level 5. HP: 17/41 MP: 5/5
  4496 | D:4      | Learned a level 2 spell: Blink
  4926 | D:4      | Reached skill level 6 in Unarmed Combat
  5021 | D:4      | Found Juliopt's Assorted Antiques.
  5202 | D:4      | Found a hide-covered altar of Uskayaw.
  5612 | D:5      | Entered Level 5 of the Dungeon
  5620 | D:5      | Reached XP level 6. HP: 45/48 MP: 6/6
  5648 | D:5      | Found a snail-covered altar of Cheibriados.
  5665 | D:5      | Noticed a water moccasin
  5684 | D:5      | Killed a water moccasin
  5697 | D:5      | HP: 2/48 [poisoned by a scorpion]
  5698 | D:5      | Succumbed to a scorpion's poison

Illustrated notes

Levels and vault maps discovered:
D:1:      arrival_zaba_pyramid, layout_loops_ring,
          shapermc_ecumenical_altar_totnotflames
D:2:      layout_loops_ring, minmay_between, uniq_crazy_yiuf_cottage
D:3:      layout_loops_ring
D:4:      layout_layer_cave, nicolae_uskayaw_suspiria, serial_shops,
          nicolae_shop_behind_doors, eino_tiny_chamber
D:5:      layout_loops_cross, mainiacjoe_overflow_cross_hatched,
          minmay_temple_entry_proselytizer, st_stairs_2, uniq_duvessa,
          uniq_ijyb, uniq_grinder

Skill      XL: |  1  2  3  4  5 |
---------------+----------------+-----
Unarmed Combat | 4 5 6 |  6.6
Dodging        | 3 |  3.9
Fighting       | |  2.1
Throwing       | |  1.7

Action                   |  1- 3 |  4- 6 || total
-------------------------+-------+-------++-------
Melee: Unarmed           |   204 |   163 ||   367
       Tailslap          |    20 |    25 ||    45
       Punch             |     3 |     2 ||     5
  Use: Scroll            |     2 |     3 ||     5
       Potion            |       |     4 ||     4
 Stab: Sleeping          |     2 |     1 ||     3
Armor: Skin              |    77 |    33 ||   110
Dodge: Dodged            |   132 |    98 ||   230
